 Dungeon Crawl Stone Soup version 0.31-a0-859-g9dce7d3444 (webtiles) character file.

Game seed: 9406764485418636707

1225 Dirtsage the Grappler (level 8, -5/48 HPs)
             Began as an Octopode Shapeshifter on Oct 9, 2023.
             Was a Follower of Wu Jian.
             Killed from afar by a steam dragon (11 damage)
             ... with a ball of steam
             ... on level 6 of the Dungeon.
             The game lasted 00:10:27 (5650 turns).

Dirtsage the Grappler (Octopode Shapeshifter)       Turns: 5650, Time: 00:10:28

Health: -5/48      AC:  1    Str: 15    XL:     8   Next: 47%
Magic:  8/8        EV: 13    Int: 13    God:    Wu Jian [*.....]
Gold:   124        SH:  0    Dex: 11    Spells: 7/7 levels left

rFire   . .          .
                       - Unarmed
rCold   . . .        (no shield)
rNeg    . . .        (helmet currently unavailable)
rPois   .            (no amulet)
rElec   .            s - ring of willpower
rCorr   .            (no ring)
SInv    .            (no ring)
Will    +....        (no ring)
Stlth   ++           (no ring)
HPRegen 0.28/turn    (no ring)
MPRegen 0.11/turn    (no ring)
                     (no ring)

%: no passive effects
@: beast-form
A: beast (slay +3), almost no armour, amphibious, 8 rings, camouflage 1,
gelatinous body 1, (nimble swimmer 1), tentacles
a: Begin Untransformation, Renounce Religion


You were on level 6 of the Dungeon.
You worshipped Wu Jian.
Wu Jian was aware of your devotion.
You were a hulking beast.
You visited 2 branches of the dungeon, and saw 8 of its levels.

You collected 234 gold pieces.
You spent 110 gold pieces at shops.

Inventory:

Magical Staves
 h - a staff of death
Jewellery
 s - a ring of willpower (left tentacle)
Talismans
 b - a beast talisman (active)
 c - a flux talisman
 n - a beast talisman (active)
Wands
 v - a wand of flame (18)
Scrolls
 e - a scroll of fear {unknown}
 f - a scroll of poison
 g - a scroll of amnesia
 j - 2 scrolls of revelation
 k - a scroll of brand weapon {unknown}
 l - a scroll of blinking {unknown}
 m - 2 scrolls of vulnerability
 p - a scroll of fog {unknown}
 r - 3 scrolls of immolation
 t - 3 scrolls of teleportation
Potions
 a - 2 potions of lignification
 d - 3 potions of brilliance
 i - a potion of attraction {unknown}
 o - 2 potions of invisibility
 q - 2 potions of curing
 u - 2 potions of magic
 w - a potion of might {unknown}


   Skills:
 - Level 1.0 Fighting
 - Level 2.0 Dodging
 * Level 8.6 Unarmed Combat
 + Level 6.0 Shapeshifting


You had 7 spell levels left.
You didn't know any spells.
Your spell library contained the following spells:

 Spells                   Type           Power      Damage    Failure   Level
 Freeze                   Ice            0%         1d3       30%         1
 Sandblast                Erth           0%         2d4       30%         1
 Blink                    Tloc           0%         N/A       43%         2
 Ensorcelled Hibernation  Hex/Ice        0%         N/A       43%         2
 Lesser Beckoning         Tloc           0%         N/A       43%         2
 Momentum Strike          Conj/Tloc      0%         3d8       43%         2
 Passwall                 Tmut/Erth      0%         N/A       43%         2
 Frozen Ramparts          Ice            0%         1d1       67%         3
 Hailstorm                Conj/Ice       0%         3d3       67%         3
 Stone Arrow              Conj/Erth      0%         3d7       67%         3
 Swiftness                Air            0%         N/A       67%         3
 Brom's Barrelling Bould  Conj/Erth      0%         2d3       97%         4


Dungeon Overview and Level Annotations

Branches:
Dungeon (7/15)             Temple (1/1) D:4

Altars:
Ashenzari
Cheibriados
Dithmenos
Elyvilon
Fedhas
Gozag
Hepliaklqana
Kikubaaqudgha
Makhleb
Nemelex Xobeh
Okawaru
Qazlal
Ru
Trog
Uskayaw
Vehumet
Wu Jian
Xom
Yredelemnul
Zin
The Shining One

Shops:
D:4 ?

Annotations:
Temple 2 transporters


Innate Abilities, Weirdness & Mutations

You are a hulking beast.
Your limbs bulge with bestial killing power. (Slay +3)
You cannot wear most types of armour.
You are amphibious.
You can wear up to eight rings at the same time.
Your skin changes colour to match your surroundings (Stealth+).
Your rubbery body absorbs attacks. (AC +1, EV +1)
((You are camouflaged when in or above water. (Stealth+)))
You have tentacles for arms and can constrict up to eight enemies at once.


Message History

You take 2 damage, and have 46/48 hp.
You miss the adder. Your grab misses the adder.
The adder is moderately wounded.
The adder bites you.
You take 3 damage, and have 43/48 hp.
You bludgeon the adder!
You kill the adder!
The Council accepts your kill.
No target in view!
HP restored.
You now have 109 gold pieces (gained 8).
t - 3 scrolls of teleportation (gained 1)
An iguana comes into view.
Health restored: 48 An iguana is nearby!
The iguana hisses angrily.
You lunge at the iguana, in a flurry of attacks.
You bludgeon the iguana! Your grab misses the iguana.
The iguana is severely wounded.
You tentacle-slap the iguana. You grab the iguana. You squeeze the iguana.
You kill the iguana!
The Council accepts your kill.
No target in view!
No target in view!
You now have 124 gold pieces (gained 15).
u - 2 potions of magic (gained 1)
A steam dragon is nearby!
The steam dragon breathes steam at you. The ball of steam hits you!!
You hear an angry hiss.
You take 21 damage, and have 27/48 hp.
MASSIVE DAMAGE!!
You are engulfed in a cloud of scalding steam.
You take 8 damage, and have 19/48 hp.
The steam dragon breathes steam at you. The ball of steam hits you!!
* * * LOW HITPOINT WARNING * * *
You take 18 damage, and have 4/48 hp.
MASSIVE DAMAGE!!
The steam dragon breathes steam at you. The ball of steam hits you!
You die...

###.##.#....#....##..##...
#.............##...#####
##.####..<.......### #.
###.†.......##
.###.###..........)####
...#...............)...#
#..........................
#.....................<...#
#...(......h..#..........##
###..........§..##......#####
.............§....#......#
.... ##..§.....###.....##
#.#.###..§.....##.......#
##.##..........##.....#...
.#.......§D.........# ....
....................###....
#..............#.........#


There were no monsters in sight!

Vanquished Creatures
  Menkaure (D:5)
  2 ice beasts (D:5)
  A phantom (D:6)
  2 scorpions (D:5)
  2 howler monkeys
  2 hounds
  3 jellies
  2 orc priests (D:6)
  4 iguanas
  A sleepcap (D:5)
  3 orc wizards
  Ijyb (D:5)
  10 adders
  2 shadow imps
  3 worms
  4 dart slugs
  19 orcs
  6 ball pythons
  2 endoplasms
  3 giant cockroaches
  6 goblins
  5 hobgoblins
  11 jackals
  5 quokkas
  8 bats
  7 frilled lizards
  6 kobolds
  5 rats
126 creatures vanquished.

Notes
Turn   | Place    | Note
-------+----------+-------------------------------------------
     0 | D:1      | Dirtsage the Octopode Shapeshifter began the quest for the
                  | Orb.
     0 | D:1      | Reached XP level 1. HP: 13/13 MP: 1/1
   200 | D:1      | Reached XP level 2. HP: 18/18 MP: 2/2
   452 | D:1      | Reached XP level 3. HP: 23/23 MP: 3/3
  1111 | D:2      | Reached skill level 4 in Unarmed Combat
  1294 | D:2      | Reached XP level 4. HP: 28/28 MP: 4/4
  1823 | D:3      | Identified the +1 sling of Qemouty {heavy, Int+4}
  2109 | D:3      | Reached XP level 5. HP: 17/33 MP: 5/5
  2198 | D:3      | Noticed a +0 spear
  2198 | D:3      | Noticed a +0 short sword
  2199 | D:3      | Noticed a +0 dagger
  2200 | D:3      | Noticed a +0 falchion
  2200 | D:3      | Noticed a +0 falchion
  2201 | D:3      | Noticed a +0 spear
  2201 | D:3      | Noticed a +0 short sword
  2202 | D:3      | Noticed a +0 dagger
  2208 | D:3      | Found a hide-covered altar of Uskayaw.
  2233 | D:3      | Reached skill level 5 in Unarmed Combat
  2592 | D:3      | Found a snail-covered altar of Cheibriados.
  2765 | D:4      | Found a bloodstained altar of Trog.
  2930 | D:4      | Found a staircase to the Ecumenical Temple.
  2940 | Temple   | Found a transporter.
  2940 | Temple   | Found a transporter.
  2940 | Temple   | Found a transporter.
  2940 | Temple   | Found a transporter.
  2940 | Temple   | Entered the Ecumenical Temple
  2956 | Temple   | Became a worshipper of the Wu Jian Council
  3008 | D:4      | Found a blossoming altar of Fedhas.
  3293 | D:4      | Found Ylakast's Magic Scroll Shop.
  3301 | D:4      | Bought a scroll of teleportation for 33 gold pieces
  3301 | D:4      | Bought a scroll of teleportation for 33 gold pieces
  3301 | D:4      | Bought a scroll of identify for 22 gold pieces
  3301 | D:4      | Bought a scroll of identify for 22 gold pieces
  3652 | D:5      | Entered Level 5 of the Dungeon
  3779 | D:5      | Reached XP level 6. HP: 11/38 MP: 6/6
  4061 | D:5      | Reached skill level 6 in Unarmed Combat
  4177 | D:5      | Noticed Ijyb
  4183 | D:5      | Noticed Menkaure
  4184 | D:5      | Noticed an ice beast
  4186 | D:5      | Killed Ijyb
  4192 | D:5      | Noticed an ice beast
  4394 | D:5      | Reached XP level 7. HP: 31/43 MP: 7/7
  4580 | D:5      | Reached skill level 7 in Unarmed Combat
  4580 | D:5      | Reached skill level 5 in Shapeshifting
  4650 | D:5      | Found a hazy altar of Hepliaklqana.
  4716 | D:5      | Reached * piety under Wu Jian
  4825 | D:5      | Killed Menkaure
  4826 | D:5      | Reached XP level 8. HP: 19/48 MP: 8/8
  4980 | D:5      | Found an opulent altar of Gozag.
  4981 | D:5      | Found a glowing golden altar of the Shining One.
  5179 | D:6      | Reached skill level 8 in Unarmed Combat
  5307 | D:6      | Found a sparkling altar of Nemelex Xobeh.
  5650 | D:6      | Killed from afar by a steam dragon

Illustrated notes

Levels and vault maps discovered:
D:1:      dpeg_arrival_windows_large_door, layout_loops_corners,
          minmay_statues_item, minivault_24
D:2:      layout_loops_ring, minmay_puff
D:3:      layout_loops_ring, cheibriados_altar_1, nicolae_uskayaw_en_pointe
D:4:      layout_cave_pods, mainiacjoe_overflow_24_doors, fedhas_altar_1,
          minmay_temple_entry_drinking_statues, serial_shops, shop
D:5:      layout_rooms, kennysheep_little_box, gammafunk_temple_overflow_wave,
          uniq_ijyb, uniq_menkaure
D:6:      dreamdust_elfheim, layout_cave_pools, general_overflow_altar,
          nicolae_shop_firing_range
D:7:      layout_cave_pools, minmay_tree_intersection, minivault_27,
          water_boxes_lemuel, uniq_jeremiah
Temple:   hellmonk_temple_divided_pantheon

Skill      XL: |  1  2  3  4  5  6  7  8 |
---------------+-------------------------+-----
Unarmed Combat | 4 5 6 7 8 |  8.6
Shapeshifting  | 4 5 6 |  6.0
Fighting       | |  1.0
Dodging        | |  2.0

Action                     |  1- 3 |  4- 6 |  7- 9 || total
---------------------------+-------+-------+-------++-------
  Melee: Unarmed           |    65 |   107 |    83 ||   255
         Constrict         |    22 |    24 |    19 ||    65
         Tentacles         |    11 |    19 |    16 ||    46
         Punch             |     6 |     7 |     9 ||    22
Ability: Lunge             |       |     2 |    10 ||    12
    Use: Scroll            |       |     9 |     3 ||    12
         Potion            |       |     1 |     1 ||     2
   Stab: Sleeping          |     5 |    10 |     1 ||    16
 Armour: Skin              |    23 |    34 |    34 ||    91
  Dodge: Dodged            |    31 |    49 |    25 ||   105

Table legend: (Time is in decaauts)
 A = Elapsed time spent in this place.
 B = Non-inter-level travel time spent in this place.
 C = Inter-level travel time spent in this place.
 D = Time resting spent in this place.
 E = Time spent auto-exploring this place.
 F = Levels seen in this place.
 G = Mean time per level.
                   A        B        C        D        E       F      G
               +--------+--------+--------+--------+--------+-----+--------+
         Total |   5621 |   5452 |    169 |    951 |   3639 |   8 |  702.6 |
       Dungeon |   5588 |   5428 |    160 |    951 |   3639 |   7 |  798.3 |
        Temple |     32 |     23 |      9 |      0 |      0 |   1 |   32.0 |
               +--------+--------+--------+--------+--------+-----+--------+

Top non-repeatable levels by time:
     D:5: 1407 daAuts
     D:1: 961 daAuts
     D:4: 957 daAuts
     D:3: 859 daAuts
     D:2: 828 daAuts
     D:6: 407 daAuts
     D:7: 167 daAuts
  Temple: 32 daAuts
